 Dungeon Crawl Stone Soup version 0.13-a0-2116-g5cefd36 (webtiles) character file.

585 Kae the Chiller (level 7, -1/55 HPs)
             Began as a Naga Ice Elementalist on June 27, 2013.
             Splashed by a jelly's acid (10 damage)
             ... on Level 5 of the Dungeon.
             The game lasted 00:11:02 (4349 turns).

Kae the Chiller (Naga Ice Elementalist)             Turns: 4349, Time: 00:11:03

HP  -1/55        AC  5     Str 10      XL: 7   Next: 15%
MP  21/23        EV 10     Int 22      God:
Gold 91          SH  0     Dex 12      Spells:  2 memorised,  8 levels left

Res.Fire  : . . .   See Invis. : +   x - -2 trident
Res.Cold  : . . .   Warding    : .   a - +0 robe
Life Prot.: . . .   Conserve   : .   (no shield)
Res.Poison: +       Res.Corr.  : .   r - +2 orc wizard hat
Res.Elec. : .       Clarity    : .   (no cloak)
Sust.Abil.: . .     Spirit.Shd : .   (no gloves)
Res.Mut.  : .       Stasis     : .   (no barding)
Res.Rott. : .       Flight     : .   (no amulet)
Saprovore : . . .                    o - +5 ring of intelligence
                                     h - ring of magical power

@: very slow, somewhat resistant to hostile enchantments, stealthy
A: spit poison, see invisible, deformed body, poison resistance, slowness 2, AC
+2
a: Spit Poison


You were on level 5 of the Dungeon.
You were hungry.

You visited 1 branch of the dungeon, and saw 5 of its levels.

You collected 214 gold pieces.
You spent 143 gold pieces at shops.

Inventory:

Hand weapons
 x - a -2,-2 trident (weapon)
Armour
 a - a +0 robe (worn)
 r - a +2 orcish wizard hat (worn)
Magical devices
 d - a wand of paralysis (12) {unknown}
Comestibles
 c - 3 bread rations
 f - a meat ration
 g - 2 chokos
 j - an apple
 l - a pear
Scrolls
 i - a scroll of teleportation
 m - a scroll of enchant weapon I
 u - a scroll of identify
Jewellery
 h - a ring of magical power (left hand)
 o - a +5 ring of intelligence (right hand)
 p - an uncursed ring of flight
Potions
 e - a potion of confusion {unknown}
 n - a potion of restore abilities {unknown}
 q - a potion of curing
 v - a potion of agility {unknown}
Books
 b - a book of Frost

   Spells                             Type                      Level
   *Freeze                            Ice                          1
   *Throw Frost                       Conjuration/Ice              2
   Ozocubu's Armour                   Charms/Ice                   3
   Throw Icicle                       Conjuration/Ice              4
   Summon Ice Beast                   Ice/Summoning                4
   Condensation Shield                Ice                          4


   Skills:
 - Level 1.5 Dodging
 - Level 3.0 Stealth
 + Level 2.9 Spellcasting
 * Level 4.4 Conjurations
 * Level 5.6 Ice Magic


You had 8 spell levels left.
You knew the following spells:

 Your Spells              Type           Power        Failure   Level  Hunger
a - Freeze                Ice            ####         1%          1    None
b - Throw Frost           Conj/Ice       ####..       2%          2    ##.....


Dungeon Overview and Level Annotations

Branches:
Dungeon (5/27)
 Temple: D:4-7

Altars:
Elyvilon
Nemelex Xobeh
Trog
Xom
Yredelemnul
Zin

Shops:
D:4: !(


Innate Abilities, Weirdness & Mutations

You cannot wear boots.
You can spit poison.
Your serpentine skin is tough (AC +2).
You have supernaturally acute eyesight.
Armour fits poorly on your strangely shaped body.
Your system is resistant to poisons.
You cover ground very slowly.


Message History

The magic dart hits you! The scorpion closely misses you.
The orc shouts!
The hound bites you.
The orc wizard hits you but does no damage.
The crimson imp hits you. The hound bites you.
All of the chunks of flesh in your inventory have completely rotted away.
The orc wizard casts a spell at you. The magic dart hits you!
The crimson imp breathes smoke at you.
The crimson imp hits you but does no damage.
The jelly barely misses you. The hound bites you.
Found a scroll of identify.
The crimson imp grinds its teeth.
The orc wizard points at you and mumbles some strange words.
The magic dart hits you!
* * * LOW HITPOINT WARNING * * *
The jelly hits you.
* * * LOW HITPOINT WARNING * * *
You are splashed with acid!
The acid burns!
You die...

##................###
##.................##
##.o.o................
..##....o..............##
.......................#
........s..............#
........o..............#
.......ho5.............#
.......J@..............#
.......................#
......................#
?......<..............#
#######################


You could see a jelly, a hound, a scorpion, 2 orc wizards, a crimson imp and 3
orcs.

Vanquished Creatures
  An ogre (D:5)
  2 scorpions (D:4)
  An orc priest (D:4)
  A worker ant (D:4)
  A hound (D:5)
  An iguana (D:4)
  A gnoll shaman (D:5)
  4 gnolls
  6 adders
  2 giant mites (D:3)
  5 worms
  A giant eyeball (D:4)
  9 giant geckos
  7 orcs
  2 giant cockroaches
  8 goblins
  11 hobgoblins
  8 kobolds
  2 quokkas
  7 bats
  7 giant newts
  2 goblin skeletons (D:4)
  9 rats
98 creatures vanquished.

Notes
Turn   | Place    | Note
--------------------------------------------------------------
     0 | D:1      | Kae, the Naga Ice Elementalist, began the quest for the Orb.
     0 | D:1      | Reached XP level 1. HP: 15/15 MP: 3/3
   697 | D:1      | Reached XP level 2. HP: 20/22 MP: 2/4
   908 | D:1      | Reached XP level 3. HP: 11/28 MP: 1/6
  1061 | D:1      | Learned a level 2 spell: Throw Frost
  1409 | D:2      | Reached skill level 4 in Ice Magic
  1622 | D:2      | Reached XP level 4. HP: 36/36 MP: 4/8
  2476 | D:3      | Found a bloodstained altar of Trog.
  2498 | D:3      | Reached XP level 5. HP: 38/42 MP: 9/9
  3195 | D:4      | Reached skill level 5 in Ice Magic
  3195 | D:4      | Reached XP level 6. HP: 38/49 MP: 11/11
  3283 | D:4      | Found Clushiang's Antique Weapon Shop.
  3300 | D:4      | Bought a trident for 113 gold pieces
  3316 | D:4      | Found Uthiph's Distillery.
  3323 | D:4      | Bought a potion of brilliance for 30 gold pieces
  3499 | D:4      | Found a basalt altar of Yredelemnul.
  3659 | D:4      | Found a glowing silver altar of Zin.
  3844 | D:4      | Found a shimmering altar of Xom.
  3844 | D:4      | Found a sparkling altar of Nemelex Xobeh.
  3920 | D:5      | Entered Level 5 of the Dungeon
  3981 | D:5      | Reached XP level 7. HP: 33/55 MP: 13/13
  4319 | D:5      | Found a white marble altar of Elyvilon.
  4349 | D:5      | Splashed by a jelly's acid

Action                   |  1- 3 |  4- 6 |  7- 9 || total
-------------------------+-------+-------+-------++-------
Melee: Unarmed           |     5 |     7 |       ||    12
       Trident           |       |     9 |     1 ||    10
 Cast: Freeze            |    36 |   133 |     8 ||   177
       Throw Frost       |       |    14 |     4 ||    18
  Use: Scroll            |       |    12 |       ||    12
       Potion            |       |     1 |     1 ||     2
 Stab: Sleeping          |       |     1 |       ||     1
